AoeStats
← jfederico.quintana

Arena

507372662Analyzed
2v2 RM · 1mo ago on Sep 17, 2026· 62m 54s· 4 players
Game mode
Random Map
Map size
Medium (4 player)
Population
200
Speed
Normal
Resources
Standard
Victory
Conquest
Starting age
Dark Age
Ending age
Imperial Age
RankedLock teamsTeams togetherTeam positionsShared explorationLock speedFull tech treeHidden civsTurbo modeCheats
Victory
Defeat
🇦🇷 Bohemians · Argentina
680
+12
🇦🇷 Persians · Argentina
675
+13
vs
🇧🇷 Vikings · Brazil
601
-13
🇧🇷 Khitans · Brazil
599
-12
fede3042
2:34 Loom
10:15 Feudal Age
17:35 Castle Age
15:37 Double-Bit Axe
16:17 Horse Collar
17:55 Padded Archer Armor
17:45 Fletching
17:38 Crossbowman
19:32 Stone Mining
21:12 Gold Mining
23:25 Bow Saw
24:02 Leather Archer Armor
25:59 Wheelbarrow
27:11 Hand Cart
28:31 Town Watch
28:57 Thumb Ring
29:40 Gold Shaft Mining
29:40 Stone Shaft Mining
30:44 Ballistics
30:32 Bodkin Arrow
30:49 Forging
30:44 Scale Barding Armor
32:29 Kamandaran
33:11 Iron Casting
33:24 Husbandry
33:44 Heated Shot
34:00 Heavy Plow
37:07 Imperial Age
36:32 Guard Tower
36:40 Murder Holes
36:55 Masonry
38:45 Chain Barding Armor
38:55 Conscription
38:27 Cavalier
40:07 Crop Rotation
45:10 Chemistry
44:41 Architecture
43:46 Savar
48:59 Ring Archer Armor
50:15 Plate Barding Armor
53:04 Blast Furnace
54:39 Scale Mail Armor
55:51 Chain Mail Armor
59:10 Caravan
jfederico.quintana
0:42 Loom
11:21 Feudal Age
11:58 Double-Bit Axe
12:05 Horse Collar
16:18 Wheelbarrow
16:37 Fletching
18:15 Padded Archer Armor
18:16 Scale Mail Armor
17:52 Man-at-Arms
23:39 Castle Age
23:30 Arson
24:01 Forging
24:38 Bow Saw
24:52 Hand Cart
24:38 Long Swordsman
25:30 Crossbowman
30:04 Chemistry
29:50 Guard Tower
31:40 Murder Holes
31:52 Pikeman
33:17 Ballistics
35:44 Masonry
36:31 Fortified Wall
39:15 Imperial Age
36:52 Bodkin Arrow
37:13 Leather Archer Armor
37:13 Chain Mail Armor
41:03 Redemption
41:06 Two-Handed Swordsman
41:34 Arbalester
45:02 Champion
48:07 Keep
48:05 Bombard Tower
47:50 Halberdier
50:07 Bracer
50:39 Plate Mail Armor
50:40 Ring Archer Armor
51:06 Arrowslits
54:50 Architecture
53:44 Elite Hussite Wagon
54:29 Houfnice
61:01 Heavy Scorpion
TIAO MARMITA
11:08 Feudal Age
11:39 Horse Collar
21:42 Castle Age
20:38 Double-Bit Axe
24:04 Forging
23:54 Scale Mail Armor
28:55 Imperial Age
27:11 Bow Saw
28:19 Iron Casting
28:00 Chain Mail Armor
28:52 Gold Mining
31:30 Elite Berserk
33:40 Two-Man Saw
33:32 Plate Mail Armor
34:03 Blast Furnace
41:41 Elite Berserk
43:53 Pikeman
51:45 Chieftains
54:18 Gold Shaft Mining
53:34 Stone Mining
61:17 Heavy Scorpion
62:22 Man-at-Arms
SoulCrush
16:13 Feudal Age
14:30 Loom
20:12 Domestication
20:26 Stone Mining
20:29 Gold Mining
20:34 Double-Bit Axe
25:27 Castle Age
24:19 Scale Barding Armor
24:24 Forging
37:36 Pastoralism
45:07 Stone Shaft Mining
47:24 Imperial Age
48:15 Elite Liao Dao
49:19 Conscription
49:06 Ordo Cavalry
51:16 Chain Barding Armor
51:35 Iron Casting
51:50 Elite Steppe Lancer
53:08 Masonry
53:18 Ballistics
55:21 Chemistry
59:57 Wheelbarrow
Connection lost

Rejoining the realm…

Still unreachable

The connection could not be restored.

Session expired

The server has moved on; the page needs a fresh start.